 Dungeon Crawl Stone Soup version 0.31-a0-844-gdc52ec4e09 (webtiles) character file.

Game seed: 5156488162554061118

274 Dirtsage the Chopper (level 6, -5/47 HPs)
             Began as a Demonspawn Berserker on Sept 28, 2023.
             Was a Priest of Trog.
             Slain by an orc warrior
             ... wielding a +0 halberd
              (15 damage)
             ... on level 4 of the Dungeon.
             The game lasted 00:04:55 (2193 turns).

Dirtsage the Chopper (Demonspawn Berserker)         Turns: 2193, Time: 00:04:55

Health: -5/47      AC:  7    Str: 19    XL:     6   Next: 3%
Magic:  6/6        EV: 20    Int:  9    God:    Trog [***...]
Gold:   105        SH:  0    Dex: 12    Spells: 5/5 levels left

rFire   . . .        a - +0 hand axe
rCold   . . .        (no shield)
rNeg    . . .        u - +0 scale mail
rPois   .            (no helmet)
rElec   .            f - +0 cloak
rCorr   .            (no gloves)
SInv    .            (no boots)
Will    .....        r - amulet of regeneration Stlth
                     e - +5 ring of evasion
HPRegen 1.07/turn    p - +5 ring of evasion
MPRegen 0.10/turn

%: no passive effects
@: on berserk cooldown, slowed, very slow
A: demonic guardian 1, demonic magic 2, demonic touch 1
a: Renounce Religion, Berserk, Trog's Hand


You were on level 4 of the Dungeon.
You worshipped Trog.
Trog was most pleased with you.
You visited 1 branch of the dungeon, and saw 4 of its levels.

You collected 105 gold pieces.

Inventory:

Hand Weapons
 a - a +0 hand axe (weapon)
Armour
 f - a +0 cloak (worn)
 u - a +0 scale mail (worn)
Jewellery
 e - a +5 ring of evasion (left hand)
 p - a +5 ring of evasion (right hand)
 r - an amulet of regeneration (around neck)
 S - a ring of see invisible
Wands
 b - a wand of acid (7)
 c - a wand of charming (11)
Scrolls
 h - a scroll of amnesia {unknown}
 i - 2 scrolls of identify {unknown}
 j - a scroll of revelation {unknown}
 l - 2 scrolls of torment {unknown}
 n - a scroll of immolation {unknown}
 o - a scroll of enchant armour {unknown}
 q - a scroll of enchant weapon {unknown}
 t - a scroll of noise {unknown}
Potions
 d - 5 potions of curing {unknown}
 g - 7 potions of heal wounds {unknown}
 k - a potion of lignification {unknown}
 m - 2 potions of haste {unknown}
 s - a potion of enlightenment {unknown}
 v - a potion of brilliance {unknown}


   Skills:
 - Level 3.0 Fighting
 + Level 6.2 Axes
 - Level 1.7 Armour
 - Level 1.7 Dodging


You had 5 spell levels left.
You didn't know any spells.
Your spell library contained the following spells:

 Spells                   Type           Power      Damage    Failure   Level
 Animate Armour           Summ/Erth      0%         N/A       100%        4
 Summon Lightning Spire   Summ/Air       0%         N/A       100%        4
 Lee's Rapid Deconstruct  Erth           0%         3d4*      100%        5


Dungeon Overview and Level Annotations

Branches:
Dungeon (4/15)
 Temple: D:4-7

Altars:
Nemelex Xobeh

Shops:
D:1 [


Innate Abilities, Weirdness & Mutations

A weak demonic guardian rushes to your aid.
Spells you cast may paralyse nearby enemies.
Your touch may inflict minor irresistible damage on your foes.


Message History

The orc warrior barely misses you.
Your quasit closely misses the orc warrior.
Your quasit claws the orc warrior but does no damage.
Your quasit closely misses the orc warrior.
The orc priest mumbles some strange prayers to Beogh against you.
Beogh smites you!
You take 8 damage, and have 15/47 hp.
You hit the orc warrior but do no damage.
You touch the orc warrior!
The orc warrior is almost dead.
You hit the orc priest. The orc warrior misses you.
Your quasit closely misses the orc warrior. x2
Your quasit barely misses the orc warrior.
The orc priest hits you with a +0 short sword.
The orc warrior barely misses you.
Your quasit closely misses the orc warrior.
Your quasit completely misses the orc warrior.
Your quasit claws the orc warrior but does no damage.
You closely miss the orc warrior.
The orc warrior is severely wounded.
You hit the orc priest.
Your quasit bites the orc warrior but does no damage.
Your quasit barely misses the orc warrior. x2
The orc priest completely misses you. The orc warrior misses you.
Your quasit bites the orc warrior but does no damage.
Your quasit claws the orc warrior.
Your quasit barely misses the orc warrior.
The orc priest closely misses you.
You regained 2 hp, and now have 17/47 hp.
You closely miss the orc warrior.
The orc warrior is almost dead.
You hit the orc priest.
Your quasit disappears in a puff of smoke!
The orc warrior closely misses you.
The orc priest invokes the aid of Beogh against you.
Beogh smites you!
* * * LOW HITPOINT WARNING * * *
A demonic guardian appears!
The orc warrior hits you with a +0 halberd!
You die...

##.###.# #......#
#..##### #..........
#..#...## #.....#....
#....^..###...........
####.#..#.............
###......# .......
#....).###......#
#......§o......##
#.....##@##......
........#5o......#
........##........#
#......#.###......~#
##.####### ##..##..#
## ..## ~.. ... .. ...
~ ....


You could see an orc warrior, an orc priest (ally target) and a friendly quasit
(summoned).

Vanquished Creatures
  A scorpion (D:4)
  2 jellies (D:2)
  6 adders
  2 dart slugs
  2 orcs
  11 ball pythons
  11 endoplasms
  6 giant cockroaches
  10 goblins
  6 hobgoblins
  14 kobolds
  3 quokkas
  12 bats
  3 frilled lizards
  6 rats
95 creatures vanquished.

Notes
Turn   | Place    | Note
-------+----------+-------------------------------------------
     0 | D:1      | Dirtsage the Demonspawn Berserker began the quest for the
                  | Orb.
     0 | D:1      | Reached XP level 1. HP: 18/18 MP: 1/1
    30 | D:1      | Reached skill level 3 in Axes
   112 | D:1      | Found Dasudo's Armour Emporium.
   198 | D:1      | Gained mutation: Spells you cast may paralyse adjacent
                  | enemies. [demonic ancestry]
   198 | D:1      | Reached XP level 2. HP: 24/24 MP: 2/2
   559 | D:1      | Reached ** piety under Trog
   612 | D:1      | Reached XP level 3. HP: 28/29 MP: 3/3
   772 | D:2      | Reached skill level 4 in Axes
  1001 | D:2      | Gained mutation: Spells you cast may paralyse nearby
                  | enemies. [demonic ancestry]
  1001 | D:2      | Reached XP level 4. HP: 35/35 MP: 4/4
  1214 | D:2      | Reached skill level 5 in Axes
  1215 | D:2      | Gained mutation: Your touch may inflict minor irresistible
                  | damage on your foes. [demonic ancestry]
  1215 | D:2      | Reached XP level 5. HP: 41/41 MP: 5/5
  1405 | D:3      | Found a sparkling altar of Nemelex Xobeh.
  1546 | D:3      | Reached *** piety under Trog
  2055 | D:4      | Reached skill level 6 in Axes
  2144 | D:4      | Gained mutation: A weak demonic guardian rushes to your
                  | aid. [demonic ancestry]
  2144 | D:4      | Reached XP level 6. HP: 47/47 MP: 6/6
  2170 | D:4      | Noticed an orc warrior
  2193 | D:4      | Slain by an orc warrior

Illustrated notes

Levels and vault maps discovered:
D:1:      lightli_arrival_quake, layout_rooms, serial_shops, shop
D:2:      cheibrodos_fertilizer, layout_basic, st_stairs_1
D:3:      layout_loops_ring, mainiacjoe_overflow_alcove_1
D:4:      layout_cave_pools, nicolae_overflow_crystal_walls,
          overflow_temple_1_default, serial_rivers,
          chequers_serial_rivers_micro_b, chequers_serial_rivers_marsh,
          chequers_serial_rivers_large_b, chequers_serial_rivers_small_3

Skill      XL: |  1  2  3  4  5 |
---------------+----------------+-----
Axes           | 3 4 5 6 |  6.2
Fighting       | |  3.0
Armour         | |  1.7
Dodging        | |  1.7

Action                     |  1- 3 |  4- 6 || total
---------------------------+-------+-------++-------
  Melee: Hand axe          |   111 |   156 ||   267
         Punch             |     2 |     4 ||     6
         Touch             |       |    10 ||    10
 Invoke: Berserk           |       |     2 ||     2
 Armour: Animal skin       |    15 |       ||    15
         Ring mail         |    60 |    35 ||    95
         Scale mail        |       |    19 ||    19
  Dodge: Dodged            |   118 |   162 ||   280

Table legend: (Time is in decaauts)
 A = Elapsed time spent in this place.
 B = Non-inter-level travel time spent in this place.
 C = Inter-level travel time spent in this place.
 D = Time resting spent in this place.
 E = Time spent auto-exploring this place.
 F = Levels seen in this place.
 G = Mean time per level.
                   A        B        C        D        E       F      G
               +--------+--------+--------+--------+--------+-----+--------+
         Total |   2245 |   2217 |     28 |     46 |   1615 |   4 |  561.2 |
       Dungeon |   2245 |   2217 |     28 |     46 |   1615 |   4 |  561.2 |
               +--------+--------+--------+--------+--------+-----+--------+

Top non-repeatable levels by time:
     D:1: 768 daAuts
     D:3: 689 daAuts
     D:2: 608 daAuts
     D:4: 179 daAuts
